 Dungeon Crawl Stone Soup version 0.29.1-1-gd02db6906a (webtiles) character file.

Game seed: 14621101750733991849

364 Doomgape the Insei (level 6, -1/38 HPs)
             Began as an Octopode Transmuter on Sept 17, 2022.
             Was an Initiate of Gozag.
             Splashed by a jelly's acid (4 damage)
             ... on level 4 of the Dungeon.
             The game lasted 00:08:01 (3730 turns).

Doomgape the Insei (Octopode Transmuter)            Turns: 3730, Time: 00:08:02

Health: -1/38      AC: -3    Str: 17    XL:     6   Next: 67%
Magic:  8/9        EV: 13    Int: 21    God:    Gozag
Gold:   114        SH:  0    Dex: 13    Spells: 4/9 levels left

rFire   . . .      SeeInvis .     - Unarmed
rCold   . . .      Faith    .   (no shield)
rNeg    . . .      Spirit   .   (helmet restricted)
rPois   .          Reflect  .   (no amulet)
rElec   .          Harm     .   e - +6 ring of intelligence
rCorr   .          Rampage  .   o - +6 ring of strength
Will    .....                   (no ring)
Stlth   ++........              (no ring)
HPRegen 0.12/turn               (no ring)
MPRegen 0.11/turn               (no ring)
                                (no ring)
                                (no ring)

@: corroded, very slightly contaminated
A: almost no armour, amphibious, 8 rings, camouflage 1, gelatinous body 1,
(nimble swimmer 1), tentacles
a: Renounce Religion, Potion Petition, Call Merchant, Bribe Branch


You were on level 4 of the Dungeon.
You worshipped Gozag.
Gozag was aware of your devotion.
You visited 2 branches of the dungeon, and saw 5 of its levels.

You collected 162 gold pieces.
You paid 48 gold pieces to Gozag.

Inventory:

Armour
 b - an orb of guile
Jewellery
 e - a +6 ring of intelligence (left tentacle)
 o - a +6 ring of strength (right tentacle)
Scrolls
 g - 3 scrolls of identify
 j - a scroll of teleportation
 l - a scroll of magic mapping
 p - a scroll of enchant armour
 q - 2 scrolls of fear {unknown}
 r - a scroll of poison {unknown}
Potions
 a - 2 potions of lignification
 c - a potion of mutation {unknown}
 d - a potion of invisibility {unknown}
 f - a potion of attraction {unknown}
 h - a potion of might {unknown}
 i - 2 potions of resistance
 k - 3 potions of heal wounds
 m - 2 potions of flight
 n - 4 potions of curing


   Skills:
 - Level 1.0 Fighting
 - Level 2.0 Dodging
 - Level 6.7 Unarmed Combat
 - Level 2.0 Spellcasting
 + Level 3.2 Transmutations


You had 4 spell levels left.
You knew the following spells:

 Your Spells              Type           Power      Damage    Failure   Level
a - Beastly Appendage     Tmut           30%        N/A       3%          1
b - Ice Form              Ice/Tmut       9%         N/A       58%         4

Your spell library contained the following spells:

 Spells                   Type           Power      Damage    Failure   Level
 Wereblood                Tmut           15%        N/A       6%          2
 Spider Form              Tmut/Pois      9%         N/A       22%         3


Dungeon Overview and Level Annotations

Branches:
Dungeon (4/15)             Temple (1/1) D:4

Altars:
Ashenzari
Cheibriados
Dithmenos
Elyvilon
Fedhas
Gozag
Okawaru
Qazlal
Sif Muna
Vehumet
Wu Jian
Yredelemnul
Zin
The Shining One


Innate Abilities, Weirdness & Mutations

You cannot wear most types of armour.
You are amphibious.
You can wear up to eight rings at the same time.
Your skin changes colour to match your surroundings (Stealth+).
Your rubbery body absorbs attacks. (AC +1, EV +1)
((You are camouflaged when in or above water. (Stealth+)))
You have tentacles for arms and can constrict up to eight enemies at once.


Message History

Found an opulent altar of Gozag.
There is a broken altar of Ashenzari here.
Found a glowing golden altar of the Shining One.
There is an opulent altar of Gozag here.
You curl up in front of the altar of Gozag.
Gozag welcomes you!
You pay a service fee of 48 gold.
There is an ornate altar of the Wu Jian Council here.
There is a staircase back to the Dungeon here.
You climb upwards.
Welcome back to the Dungeon!
There is a staircase to the Ecumenical Temple here.
Found a club.
You feel as though Xom is toying with you.
Suddenly, the walls become transparent!
You open the door.
A jelly comes into view.
The jelly quivers.
Casting: Beastly Appendage (safe; 3% risk of failure)
Confirm with . or Enter, or press ? or * to list all spells.
You miscast Beastly Appendage.
You are very lightly contaminated with residual magic.
Nothing appears to happen.
The jelly quivers.
You tentacle-slap the jelly.
Your tentacles burn!
The jelly is moderately wounded.
The jelly closely misses you.
You completely miss the jelly.
The jelly is moderately wounded.
The jelly completely misses you.
You tentacle-slap the jelly.
Your tentacles burn!
You squeeze the jelly, but do no damage.
The jelly is heavily wounded.
The jelly hits you.
You are splashed with acid!
You tentacle-slap the jelly. The acid corrodes you!
Your tentacles burn!
The jelly is heavily wounded.
The jelly hits you.
You are splashed with acid!
* * * LOW HITPOINT WARNING * * *
You tentacle-slap the jelly. The acid corrodes you!
Your tentacles burn!
You die...
Your body crumbles into a pile of gold.

...# #..###..#.....[.#.#
.... #..................
$... #..####.#.#.#.#.#..
########..................
.©..........######...#####
............### #...#
###...........# #...#
#...........# #...#
#......@....############
#.)#+##J##+#............
#.. #.# J#####......## #..
#+# ## #.......# #
#.....#.. #.....#.#
..#########..#.#
####.......#..#.#
#..........#..#.#


You could see 2 jellies.

Vanquished Creatures
  2 scorpions
  An orc priest (D:3)
  2 hounds
  Crazy Yiuf (D:2)
  Jessica (D:2)
  3 adders
  A dart slug (D:1)
  4 orcs
  4 bats
  11 endoplasms
  4 giant cockroaches
  4 goblins
  6 hobgoblins
  3 jackals (D:3)
  6 kobolds
  3 quokkas
  7 ball pythons
  5 frilled lizards
  7 rats
75 creatures vanquished.

Notes
Turn   | Place    | Note
-------+----------+-------------------------------------------
     0 | D:1      | Doomgape the Octopode Transmuter began the quest for the
                  | Orb.
     0 | D:1      | Reached XP level 1. HP: 13/13 MP: 3/3
   115 | D:1      | Reached XP level 2. HP: 6/18 MP: 3/5
   463 | D:1      | Reached skill level 4 in Unarmed Combat
   721 | D:1      | Found a faded altar of an unknown god.
   908 | D:1      | Reached XP level 3. HP: 17/23 MP: 4/6
  1314 | D:2      | Identified the +7 dagger of Doom {freeze, rF+ Int+6 Dex+4}
  1609 | D:2      | Found a glowing golden altar of the Shining One.
  1611 | D:2      | Noticed Jessica
  1619 | D:2      | Killed Jessica
  1620 | D:2      | Reached skill level 5 in Unarmed Combat
  1620 | D:2      | Reached XP level 4. HP: 22/28 MP: 5/7
  1708 | D:2      | Found a runed translucent door.
  1709 | D:2      | Noticed Crazy Yiuf
  1897 | D:2      | Killed Crazy Yiuf
  2191 | D:2      | You fall into a shaft and drop 1 floor!
  2288 | D:3      | Noticed a scorpion
  2293 | D:3      | Reached XP level 5. HP: 28/33 MP: 6/8
  2545 | D:3      | Found a shimmering blue altar of Sif Muna.
  2711 | D:3      | Reached skill level 6 in Unarmed Combat
  3077 | D:3      | Reached XP level 6. HP: 33/38 MP: 7/9
  3202 | D:3      | Learned a level 4 spell: Ice Form
  3567 | D:4      | Found a staircase to the Ecumenical Temple.
  3598 | Temple   | Entered the Ecumenical Temple
  3673 | Temple   | Became a worshipper of Gozag Ym Sagoz the Greedy
  3730 | D:4      | Splashed by a jelly's acid

Illustrated notes

Levels and vault maps discovered:
D:1:      arrival_zaba_pyramid, layout_rooms, shapermc_ecumenical_altar_venn
D:2:      layout_rooms, basic_altar, kennysheep_generic_room_11, uniq_jessica,
          uniq_crazy_yiuf_cottage
D:3:      layout_basic, tgw_sif, minmay_pentomino_pile
D:4:      layout_basic, dk_xom_monty_hall, minmay_temple_entry_glass,
          gammafunk_ghost_mausoleum
Temple:   nicolae_temple_superstar

Skill      XL: |  1  2  3  4  5  6 |
---------------+-------------------+-----
Unarmed Combat | 4 5 6 |  6.7
Transmutations | 3 |  3.2
Fighting       | |  1.0
Dodging        | |  2.0
Spellcasting   | |  2.0

Action                   |  1- 3 |  4- 6 || total
-------------------------+-------+-------++-------
Melee: Unarmed           |    76 |    68 ||   144
       Constrict         |    21 |    18 ||    39
       Tentacles         |    15 |    13 ||    28
       Kick              |    19 |    13 ||    32
       Punch             |     2 |     1 ||     3
 Cast: Beastly Appendage |    16 |    16 ||    32
  Use: Scroll            |       |     9 ||     9
       Potion            |       |     1 ||     1
 Stab: Sleeping          |     3 |     4 ||     7
Armor: Skin              |     9 |     6 ||    15
Dodge: Dodged            |    48 |    41 ||    89
